 Dungeon Crawl Stone Soup version bcrawl-1.28.5 (webtiles) character file.

Game seed: 16936843418015941238

340444 Mehrunes the Carver (level 10, -3/81 HPs)
             Began as a Demigod Fighter on Jan 23, 2021.
             Slain by a redback (7 damage)
             ... summoned by a deep elf mage
             ... on level 8 of the Dungeon.
             The game lasted 00:24:58 (7768 turns).

Mehrunes the Carver (Demigod Fighter)               Turns: 7768, Time: 00:24:58

Health: -3/81      AC: 17    Str: 26    XL:     10   Next: 43%
Magic:  13/13      EV:  4    Int: 12    God:    Demigod [****..]
Gold:   478        SH: 14    Dex: 16    Spells: 9/9 levels left

rFire    + . .     SeeInvis .   a - +0 long sword
rCold    + . .     Gourm    .   c - +0 medium shield
rNeg     . . .     Faith    .   y - +0 plate armour
rPois    .         Spirit   .   v - +1 helmet
rElec    .         Reflect  .   n - +0 cloak
rCorr    .         Harm     .   (no gloves)
MR       +....                  (no boots)
Stlth    ..........             (no amulet)
HPRegen  0.23/turn              D - ring of protection from fire
MPRegen  0.13/turn              o - ring of protection from cold

@: lethally poisoned (-3 -> -32), about to teleport
A: high mp 1
a: Temporal Distortion, Growth, Major Destruction, Heroism


You were on level 8 of the Dungeon.
You worshipped Demigod.
Demigod was greatly pleased with you.
You were not hungry.

You visited 1 branch of the dungeon, and saw 8 of its levels.
You also visited: Ossuary.

You collected 478 gold pieces.

Inventory:

Hand Weapons
 a - a +0 long sword (weapon)
 d - a +2 scimitar of flaming
 B - a +0 great sword
Missiles
 F - 2 throwing nets {=f}
Armour
 b - a +0 scale mail
 c - a +0 medium shield (worn)
 n - a +0 cloak (worn)
 v - a +1 helmet (worn)
 y - a +0 plate armour (worn)
 A - the +5 ring mail of Boasaig {+Inv rF++ rN+ MP-9, unknown}
   (You found it on level 4 of the Dungeon)

   It greatly protects you from fire.
   It protects you from negative energy.
   It affects your magic capacity (-9).
   It lets you turn invisible.
 K - a scarf of clouds
Jewellery
 m - a +3 ring of evasion
 o - a ring of protection from cold (right hand)
 D - a ring of protection from fire (left hand)
 G - the ring of Zaran {*Tele MR+ Int+4 Stlth+}
   (You found it on level 8 of the Dungeon)

   [ring of teleportation]

   It may teleport you next to monsters.
   It affects your intelligence (+4).
   It affects your resistance to hostile enchantments.
   It makes you more stealthy.
 J - an uncursed ring of insulation
Wands
 p - a wand of random effects (11)
 w - a wand of flame (25)
Scrolls
 g - a scroll of immolation {unknown}
 h - 4 scrolls of enchant armour
 i - 5 scrolls of remove curse
 l - 5 scrolls of teleportation
 r - 4 scrolls of noise
 t - a scroll of blinking {unknown}
 x - 4 scrolls of enchant weapon
 z - 2 scrolls of fear {unknown}
 E - a scroll of fog {unknown}
 I - a scroll of magic mapping {unknown}
Potions
 j - a potion of heal wounds
 k - 4 potions of agility
 q - 2 potions of lignification
 s - 2 potions of curing
 u - 6 potions of mutation
 C - a potion of invisibility
 H - a potion of magic
Comestibles
 e - 20 rations {!d}
 f - 3 chunks of flesh


   Skills:
 - Level 5.0 Fighting
 - Level 10.1 Long Blades
 - Level 8.0 Armour
 * Level 6.3 Shields
 + Level 0.0 Invocations


You had 9 spell levels left.
You didn't know any spells.
Your spell library contained the following spells:

 Spells                   Type           Power        Failure   Level  Hunger
 Apportation              Tloc           #.....       100%        1    None
 Flame Tongue             Conj/Fire      #....        100%        1    None
 Infusion                 Chrm           #.......     100%        1    None
 Sandblast                Erth           #.....       100%        1    None
 Slow                     Hex            #.......     100%        1    None
 Summon Butterflies       Summ           #.......     100%        1    None
 Flaming Arrows           Chrm/Fire      #.......     100%        2    ####...
 Conjure Flame            Conj/Fire      #.......     100%        3    #####..
 Inner Flame              Hex/Fire       N/A          100%        3    #####..
 Sticky Flame             Conj/Fire      #.......     100%        4    ######.
 Fireball                 Conj/Fire      #.........   100%        5    #######


Dungeon Overview and Level Annotations

Branches:
Dungeon (8/12)             Temple (0/1) D:7            Lair (0/6) D:7
    Orc: D:8-11


Innate Abilities, Weirdness & Mutations

You have an increased reservoir of magic. (+10% MP)


Message History

Your shield and plate armour prevent you from hitting the deep elf mage.
The deep elf mage is severely wounded.
* * * LOW HITPOINT WARNING * * *
You feel very sick. The redback bites you.
* * * LOW HITPOINT WARNING * * *
You block the redback's attack.
The sun demon hits you but does no damage.
The redback bites you.
* * * LOW HITPOINT WARNING * * *
You slash the deep elf mage!
The deep elf mage is almost dead.
* * * LOW HITPOINT WARNING * * *
You feel sick. You block the redback's attack.
The sun demon hits you but does no damage.
The redback bites you.
* * * LOW HITPOINT WARNING * * *
The redback bites you!
You die...
Your divinity fades.

#### ### ... ..#
######.# ### ##>###
###e.@3H# ..# #....e
#...ss##.# #.####..###
#.....##.# #.....)....
#._8_.##.###.####..###
#.....##.#...####..#
#.....##....))).e..#
###..#####.#.####.####
##.# #.#......<... #.#
#.##.....####


You could see a sun demon, a hippogriff, a deep elf mage and 2 redbacks.

Vanquished Creatures
  Erica (D:8)
  A freezing wraith (D:7)
  Grinder (D:3)
  A slime creature (D:7)
  A hippogriff (D:8)
  A yak (D:6)
  2 wargs (D:7)
  6 orc warriors
  3 sky beasts
  2 ice beasts
  2 phantoms (D:4)
  3 ogres
  A centaur (D:5)
  5 bullfrogs
  A big kobold (D:8)
  3 water moccasin zombies (Ossuary)
  4 scorpions
  3 howler monkeys (D:7)
  2 wights (D:8)
  6 crimson imps
  A bullfrog zombie (D:5)
  3 hounds
  2 orc priests
  An iron imp (D:7)
  A jelly (D:5)
  9 orc wizards
  A bullfrog skeleton (D:7)
  An iguana (D:6)
  4 worker ants
  A big kobold zombie (Ossuary)
  2 hound skeletons
  2 mummies (Ossuary)
  Robin (D:3)
  4 gnolls (D:6)
  7 adders
  A shadow imp (D:5)
  An ooze (D:1)
  6 adder zombies
  An adder skeleton (D:8)
  5 worms
  3 dart slugs
  4 leopard geckos
  35 orcs
  3 bats
  6 giant cockroaches
  6 gnoll zombies (Ossuary)
  5 hobgoblins (D:1)
  11 jackals
  12 kobolds
  7 quokkas
  3 frilled lizards
  10 goblins
  2 goblin skeletons (D:7)
  5 hobgoblin zombies
  8 kobold zombies
  2 orc skeletons (D:7)
  7 orc zombies
  8 rats
240 creatures vanquished.

Vanquished Creatures (others)
  A jackal skeleton (D:7)
1 creature vanquished.

Grand Total: 241 creatures vanquished

Notes
Turn   | Place    | Note
-------+----------+-------------------------------------------
     0 | D:1      | Mehrunes the Demigod Fighter began the quest for the Orb.
     0 | D:1      | Reached XP level 1. HP: 18/18 MP: 3/3
    93 | D:1      | Reached skill level 2 in Long Blades
   135 | D:1      | Reached XP level 2. HP: 17/26 MP: 4/4
   494 | D:1      | Reached XP level 3. HP: 30/31 MP: 5/5
   632 | D:1      | Reached * piety under Demigod
   742 | D:2      | Found a faded altar of an unknown god.
  1015 | D:2      | Reached skill level 3 in Long Blades
  1237 | D:2      | Reached XP level 4. HP: 40/40 MP: 6/6
  1530 | D:3      | Noticed Robin
  1539 | D:3      | Killed Robin
  1648 | D:3      | Noticed Grinder
  1654 | D:3      | Killed Grinder
  1654 | D:3      | Reached ** piety under Demigod
  1655 | D:3      | Reached skill level 4 in Long Blades
  1655 | D:3      | Reached XP level 5. HP: 22/47 MP: 7/7
  1655 | D:3      | Reached XP level 6. HP: 25/53 MP: 8/8
  2290 | D:4      | Noticed a sky beast
  2323 | D:4      | Killed a sky beast
  2324 | D:4      | Reached skill level 5 in Fighting
  2633 | D:4      | Reached skill level 5 in Long Blades
  2748 | D:4      | Reached XP level 7. HP: 59/61 MP: 9/9
  2802 | D:4      | Got a transparent ring mail
  3279 | D:5      | Entered Level 5 of the Dungeon
  3469 | D:5      | Found a sand-covered staircase.
  3475 | Ossuary  | Entered an ossuary
  3511 | Ossuary  | Reached skill level 6 in Long Blades
  3751 | D:5      | Reached *** piety under Demigod
  3764 | D:5      | Reached XP level 8. HP: 68/68 MP: 10/10
  3881 | D:5      | Reached skill level 7 in Long Blades
  4328 | D:5      | Reached skill level 5 in Armour
  4625 | D:6      | Reached skill level 8 in Long Blades
  5039 | D:6      | Reached XP level 9. HP: 71/74 MP: 11/11
  5258 | D:6      | Reached skill level 9 in Long Blades
  5804 | D:7      | Found a staircase to the Ecumenical Temple.
  6006 | D:7      | Reached **** piety under Demigod
  6087 | D:7      | Reached skill level 10 in Long Blades
  6122 | D:7      | Found a glowing golden altar of the Shining One.
  6707 | D:7      | Found a staircase to the Lair.
  6984 | D:8      | Noticed a freezing wraith
  7012 | D:7      | Killed a freezing wraith
  7013 | D:7      | Reached XP level 10. HP: 42/81 MP: 13/13
  7324 | D:8      | Reached skill level 5 in Shields
  7397 | D:8      | Noticed a deep elf mage
  7543 | D:8      | Noticed a two-headed ogre
  7663 | D:8      | Got a smoking bone ring
  7665 | D:8      | Identified the ring of Zaran {*Tele MR+ Int+4 Stlth+} (You
                  | found it on level 8 of the Dungeon)
  7674 | D:8      | Noticed Erica
  7682 | D:8      | Killed Erica
  7737 | D:8      | Found a shimmering altar of Xom.
  7737 | D:8      | Found an iron altar of Okawaru.
  7752 | D:8      | Noticed a sun demon
  7768 | D:8      | HP: 4/81 [redback[a deep elf mage] (1)]
  7768 | D:8      | Slain by a redback

Skill      XL: |  1  2  3  4  5  6  7  8  9 10 |
---------------+-------------------------------+-----
Long Blades    | 2 3 4 5 6 8 10 | 10.1
Fighting       | 3 4 5 |  5.0
Armour         | 3 4 5 7 8 |  8.0
Shields        | 4 6 |  6.3

Action                   |  1- 3 |  4- 6 |  7- 9 | 10-12 || total
-------------------------+-------+-------+-------+-------++-------
Melee: Long sword        |   140 |   114 |   649 |   155 ||  1058
       Great sword       |       |       |    27 |       ||    27
  Use: Potion            |       |     1 |     6 |     1 ||     8
       Scroll            |       |       |    12 |     2 ||    14
  Eat: Chunk             |     6 |     7 |    26 |     6 ||    45
       Ration            |       |       |     1 |       ||     1
Armor: Scale mail        |    57 |     8 |       |       ||    65
       Plate armour      |       |    35 |   322 |    80 ||   437
Dodge: Dodged            |    97 |    49 |   329 |    45 ||   520
Block: Medium shield     |    12 |       |       |    25 ||    37
       Other             |     3 |     1 |    57 |    13 ||    74
